 Dungeon Crawl Stone Soup version 0.19.0-2-gae57169 (webtiles) character file.

49003 Peloso the Carver (level 14, -2/124 (125) HPs)
             Began as a Ghoul Fighter on Nov 7, 2016.
             Was a High Priest of Okawaru.
             Splashed by an oklob plant's acid (14 damage)
             ... on level 6 of the Lair of Beasts.
             The game lasted 01:20:43 (19774 turns).

Peloso the Carver (Ghoul Fighter)                  Turns: 19774, Time: 01:20:43

HP:   -2/124 (125)  AC: 14    Str: 25    XL:     14   Next: 48%
MP:   15/15         EV:  9    Int:  8    God:    Okawaru [*****.]
Gold: 877           SH:  9    Dex: 14    Spells: 0 memorised, 13 levels left

rFire  + + .     SeeInvis +     z - +2 double sword "Zeom" {freeze, Int+3 Dex+3}
rCold  + . .     Gourm    .     J - +0 plate armour
rNeg   + + +     Faith    .     V - +2 buckler
rPois  ∞         Spirit   .     C - +3 crown of Dyrovepreva {rElec Int+2 SInv}
rElec  +         Reflect  .     X - +0 cloak {rF+}
rCorr  .         Harm     .     L - +0 pair of gloves {Str+3}
MR     +....                    Y - +0 pair of boots
Stlth  ..........               p - amulet of regeneration
                                A - ring of protection from fire
                                (no ring)

@: corroded, rotting
A: rotting body, claws 1, carnivore 3, cold resistance 1, negative energy
resistance 3, slow regeneration 1, torment resistance, unbreathing
a: Heroism, Finesse, Renounce Religion


You were on level 6 of the Lair of Beasts.
You worshipped Okawaru.
Okawaru was extremely pleased with you.
You were not hungry.

You visited 2 branches of the dungeon, and saw 18 of its levels.
You also visited: Volcano.

You collected 1415 gold pieces.
You spent 538 gold pieces at shops.

Inventory:

Hand Weapons
 b - a +2 vampiric long sword
 z - the +2 double sword "Zeom" (weapon) {freeze, Int+3 Dex+3}
   (Okawaru gifted it to you on level 6 of the Lair of Beasts)

   It has been specially enchanted to freeze those struck by it, causing extra
   injury to most foes and up to half again as much damage against particularly
   susceptible opponents.
   It can also slow down cold-blooded creatures.
   It affects your intelligence (+3).
   It affects your dexterity (+3).
 B - the +7 falchion of Zojie {flame, *Rage rPois MR+ Int+2}
   (Okawaru gifted it to you on level 5 of the Lair of Beasts)

   It has been specially enchanted to burn those struck by it, causing extra
   injury to most foes and up to half again as much damage against particularly
   susceptible opponents.
   Big, fiery blades are also staple armaments of hydra-hunters.
   It affects your intelligence (+2).
   It protects you from poison.
   It affects your resistance to hostile enchantments.
   It may make you go berserk in combat.
 Z - a +2 trident of flaming
Armour
 n - a +0 cloak
 q - a +2 hat of magic resistance
 C - the +3 crown of Dyrovepreva (worn) {rElec Int+2 SInv}
   (You bought it in a shop on level 6 of the Dungeon)

   It affects your intelligence (+2).
   It insulates you from electricity.
   It lets you see invisible.
 J - a +0 plate armour (worn)
 L - a +0 pair of gloves of strength (worn)
 V - a +2 buckler (worn)
 X - a +0 cloak of fire resistance (worn)
 Y - a +0 pair of boots (worn)
Jewellery
 e - a +5 ring of evasion
 p - an amulet of regeneration (around neck)
 v - an uncursed ring of protection from cold
 w - a +4 ring of evasion
 A - a ring of protection from fire (right hand)
 H - an uncursed ring of ice
 Q - an uncursed amulet of magic regeneration
Wands
 a - a wand of random effects (26/48)
 c - a wand of iceblast (10/15)
 j - a wand of teleportation (6/9)
 u - a wand of heal wounds (5/9)
 D - a wand of iceblast (11/15)
 O - a wand of teleportation (5/9)
Scrolls
 i - 2 scrolls of amnesia
 m - 2 scrolls of identify
 r - a scroll of recharging
 s - 12 scrolls of remove curse
 t - 5 scrolls of fear
 y - 2 scrolls of enchant armour
 E - a scroll of silence
 G - a scroll of enchant weapon
 I - 2 scrolls of teleportation
Potions
 d - 4 potions of might
 g - a potion of heal wounds
 o - a potion of mutation {unknown}
 x - 2 potions of haste
 F - 2 potions of invisibility
 M - 4 potions of curing
 N - 2 potions of flight
 R - a potion of beneficial mutation
 S - a potion of cancellation {unknown}
 U - 3 potions of agility
Comestibles
 f - 13 meat rations
 h - 3 slices of pizza
 k - 12 beef jerkies
 l - a royal jelly
 K - 3 chunks of flesh


   Skills:
 + Level 11.9 Fighting
 + Level 13.4 Long Blades
 + Level 1.6 Polearms
 + Level 10.7 Armour
 + Level 3.2 Dodging
 + Level 2.3 Stealth
 + Level 10.9 Shields
 + Level 3.8 Invocations


You had 13 spell levels left.
You didn't know any spells.

Dungeon Overview and Level Annotations

Branches:
Dungeon (12/15)            Temple (0/1) D:6            Lair (6/6) D:11
  Swamp (0/4) Lair:2        Snake (0/4) Lair:3        Slime (0/5) Lair:6
    Orc: D:9-12

Altars:
Dithmenos
Makhleb
Okawaru
Sif Muna
Uskayaw
Xom
Yredelemnul
Zin

Shops:
D:2 *   D:5 =   D:6 [   D:10 %

Annotations:
D:3 Blork the orc
Lair:6 exclusion: 2 oklob plants


Innate Abilities, Weirdness & Mutations

Your body is rotting away.
You thrive on raw meat.
You are immune to poison.
You have sharp fingernails.
You are carnivorous and can eat meat at any time.
Your flesh is cold resistant. (rC+)
You are immune to negative energy. (rN+++)
You regenerate slowly when monsters are visible.
You are immune to unholy pain and torment.
You can survive without breathing.


Message History

You destroy the oklob plant!
Okawaru accepts your kill.
You slash the oklob plant! You freeze the oklob plant.
The oklob plant is moderately damaged.
The oklob plant spits acid at you. The splash of acid hits you!
The acid corrodes you!
You are splashed with acid!
The acid burns!
* * * LOW HITPOINT WARNING * * *
You hit the oklob plant but do no damage.
The oklob plant is moderately damaged.
The oklob plant spits acid at you. The splash of acid hits you!
* * * LOW HITPOINT WARNING * * *
The acid corrodes you!
You are splashed with acid!
The acid burns!
* * * LOW HITPOINT WARNING * * *
The oklob plant spits acid at you. The splash of acid hits you!
* * * LOW HITPOINT WARNING * * *
You are splashed with acid!
The acid burns!
You die...

#........#
##....#...#
###....##...#
#P....##....#
#....####...#
##...##
#....# #....#
##...##
##..####....#
##.## #..@..#
#..# #?P..##
##.# #.>.P#
##.# #....#
####..#
##.#.#
##.###.# ##
##
####...##.##
..#.#PP#P.P#
..........P#


You could see 2 oklob plants.

Vanquished Creatures
  3 hydras
  Harold (D:11)
  4 catoblepae
  13 death yaks
  A sun demon (Volcano)
  5 hill giants
  A lindwurm (Lair:3)
  An oklob plant (Lair:6)
  An orc sorcerer (Volcano)
  5 black mambas
  5 elephants
  Psyche (D:8)
  2 molten gargoyles (Volcano)
  15 spiny frogs
  2 rime drakes
  5 komodo dragons
  2 red devils (Volcano)
  2 trolls (D:11)
  9 blink frogs
  11 hippogriffs
  2 slime creatures (D:11)
  A water elemental (D:11)
  38 yaks
  2 wyverns
  A human (D:10)
  2 fire bats (Volcano)
  A steam dragon (D:10)
  3 basilisks
  A hungry ghost (D:8)
  5 swamp worms (Lair:2)
  A soldier ant (D:7)
  Edmund (D:6)
  11 water moccasins
  2 hell hounds (Volcano)
  4 porcupines
  4 orc warriors
  2 black bears
  3 ice beasts
  A sky beast (D:5)
  4 wolves
  3 phantoms
  3 ogres
  A necrophage (D:11)
  4 centaurs (Lair:5)
  12 crocodiles
  15 bullfrogs
  4 scorpions
  6 killer bees (D:7)
  6 electric eels
  4 howler monkeys
  7 lava snakes
  4 crimson imps
  4 bullfrog zombies
  8 hounds
  A jelly (D:8)
  2 centaur skeletons
  4 orc priests
  4 orc wizards
  Jessica (D:2)
  Natasha (D:3)
  2 bullfrog skeletons
  17 worker ants
  A hound zombie (D:11)
  A hound skeleton (D:4)
  A howler monkey zombie (D:10)
  8 adders
  7 gnolls
  3 shadow imps
  An ooze (D:4)
  An adder zombie (D:6)
  7 worms
  2 dart slugs
  8 leopard geckos
  18 orcs
  7 bats
  11 giant cockroaches
  8 goblins
  7 hobgoblins
  16 jackals
  3 kobolds
  4 quokkas
  A ball python skeleton (D:4)
  5 frilled lizards
  A goblin zombie (D:10)
  A jackal skeleton (D:9)
  A jackal zombie (D:10)
  A quokka skeleton (D:8)
  4 rats
  A plant (Lair:6)
420 creatures vanquished.

Vanquished Creatures (collateral kills)
  A wyvern (Lair:1)
1 creature vanquished.

Vanquished Creatures (others)
  An ice beast (D:10)
  A howler monkey (D:10)
  A jackal (D:11)
  3 fungi
  13 plants
19 creatures vanquished.

Grand Total: 440 creatures vanquished

Notes
Turn   | Place    | Note
-------+----------+-------------------------------------------
     0 | D:1      | Peloso the Ghoul Fighter began the quest for the Orb.
     0 | D:1      | Reached XP level 1. HP: 19/19 MP: 0/0
    78 | D:1      | Reached XP level 2. HP: 26/26 MP: 1/1
   265 | D:1      | Reached skill level 2 in Long Blades
   600 | D:1      | Reached XP level 3. HP: 28/31 MP: 2/2
  1258 | D:2      | Reached XP level 4. HP: 31/40 MP: 3/3
  1324 | D:2      | Noticed Jessica
  1337 | D:2      | Killed Jessica
  1485 | D:2      | Reached XP level 5. HP: 36/46 MP: 4/4
  1555 | D:2      | Found Zin's Purification Station.
  1555 | D:2      | Found a glowing silver altar of Zin.
  1667 | D:2      | Found a burning altar of Makhleb.
  1848 | D:3      | Found a faded altar of an unknown god.
  1859 | D:3      | Reached skill level 3 in Long Blades
  2123 | D:3      | Noticed Blork the orc
  2294 | D:3      | Found a deep blue altar of Sif Muna.
  2382 | D:3      | Noticed Natasha
  2404 | D:3      | Killed Natasha
  2455 | D:4      | Reached XP level 6. HP: 48/52 MP: 5/5
  2692 | D:4      | Found a shadowy altar of Dithmenos.
  3398 | D:5      | Entered Level 5 of the Dungeon
  3403 | D:5      | Found Rozy's Jewellery Shop.
  3585 | D:5      | Found an iron altar of Okawaru.
  3585 | D:5      | Noticed a sky beast
  3596 | D:5      | Became a worshipper of Warmaster Okawaru
  3611 | D:5      | Killed a sky beast
  3611 | D:5      | Reached skill level 4 in Long Blades
  3611 | D:5      | Reached XP level 7. HP: 34/57 MP: 6/6
  4151 | D:6      | Found a staircase to the Ecumenical Temple.
  4186 | D:6      | Reached skill level 1 in Dodging
  4384 | D:6      | Found Vuqa's Armour Shoppe.
  4443 | D:6      | Noticed Edmund
  4465 | D:6      | Killed Edmund
  4465 | D:6      | Reached * piety under Okawaru
  4465 | D:6      | Reached skill level 5 in Long Blades
  4465 | D:6      | Reached XP level 8. HP: 63/67 MP: 7/7
  4571 | D:6      | Reached skill level 5 in Shields
  4963 | D:6      | Noticed a hill giant
  4965 | D:6      | Reached skill level 5 in Fighting
  4981 | D:6      | Killed a hill giant
  4981 | D:6      | Reached skill level 6 in Long Blades
  4981 | D:6      | Reached skill level 5 in Armour
  5187 | D:7      | Found a hide-covered altar of Uskayaw.
  5241 | D:7      | Reached ** piety under Okawaru
  5241 | D:7      | Reached XP level 9. HP: 74/74 MP: 8/8
  5284 | D:7      | Noticed a hill giant
  5296 | D:7      | Killed a hill giant
  5458 | D:7      | Reached skill level 7 in Long Blades
  5473 | D:7      | Reached *** piety under Okawaru
  5613 | D:7      | Found a runed door.
  5627 | D:7      | Found a runed door.
  6031 | D:7      | Reached XP level 10. HP: 75/84 MP: 9/9
  6358 | D:8      | Reached skill level 8 in Long Blades
  6471 | D:8      | Noticed Psyche
  6491 | D:8      | Killed Psyche
  6491 | D:8      | Reached **** piety under Okawaru
  6635 | D:8      | Found a shimmering altar of Xom.
  6671 | D:8      | Reached skill level 1 in Stealth
  7360 | D:6      | Bought the +3 crown of Dyrovepreva {rElec Int+2 SInv} for 538 gold pieces
  8100 | D:10     | Entered Level 10 of the Dungeon
  8151 | D:10     | Found a runed door.
  8155 | D:10     | Found a basalt altar of Yredelemnul.
  8554 | D:10     | Found Gauq's Food Emporium.
  9030 | D:11     | Found a staircase to the Lair.
  9133 | D:11     | Reached skill level 9 in Long Blades
  9415 | D:11     | Noticed a hill giant
  9428 | D:11     | Killed a hill giant
  9428 | D:11     | Reached XP level 11. HP: 71/94 MP: 8/10
  9652 | D:11     | Reached skill level 1 in Invocations
  9694 | D:11     | Noticed a hill giant
  9704 | D:11     | Killed a hill giant
  9853 | D:11     | Noticed Harold
  9873 | D:11     | Killed Harold
  9950 | D:11     | Noticed a hill giant
  9965 | D:11     | Killed a hill giant
  9965 | D:11     | Reached ***** piety under Okawaru
  9965 | D:11     | Reached skill level 10 in Long Blades
 10062 | D:12     | Noticed a five-headed hydra
 10291 | Lair:1   | Entered Level 1 of the Lair of Beasts
 10943 | Lair:2   | Received a gift from Okawaru
 10969 | Lair:2   | Reached XP level 12. HP: 49/104 MP: 9/12
 11182 | Lair:2   | Reached skill level 11 in Long Blades
 11972 | Lair:2   | Found a staircase to the Swamp.
 12387 | Lair:3   | Found a staircase to the Snake Pit.
 12586 | Lair:3   | Found a dark tunnel.
 12593 | Volcano  | Entered a volcano
 12967 | Volcano  | Found a bloodstained altar of Trog.
 12967 | Volcano  | Noticed a sun demon
 12979 | Volcano  | Killed a sun demon
 12979 | Volcano  | Received a gift from Okawaru
 12979 | Volcano  | Reached skill level 10 in Fighting
 13978 | Lair:3   | Reached skill level 12 in Long Blades
 14007 | Lair:3   | Reached XP level 13. HP: 69/112 MP: 13/13
 14246 | Lair:3   | Reached skill level 10 in Shields
 14984 | Lair:4   | HP: 3/113 [six-headed hydra (7)]
 14988 | Lair:4   | Reached skill level 1 in Polearms
 16360 | Lair:5   | Found a burning altar of Makhleb.
 16361 | Lair:5   | HP: 5/112 [centaur/arrow (3)]
 17247 | Lair:6   | Entered Level 6 of the Lair of Beasts
 17448 | Lair:5   | Received a gift from Okawaru
 17451 | Lair:5   | Got an encrusted falchion {god gift}
 17452 | Lair:5   | Identified the +7 falchion of Zojie {flame, *Rage rPois MR+ Int+2} (Okawaru gifted it to you on level 5 of the Lair of Beasts)
 17763 | Lair:6   | Reached skill level 10 in Armour
 18526 | Lair:5   | Reached XP level 14. HP: 82/124 MP: 13/15
 19058 | Lair:6   | Reached skill level 13 in Long Blades
 19264 | Lair:6   | Received a gift from Okawaru
 19282 | Lair:6   | Got an ancient double sword {god gift}
 19283 | Lair:6   | Identified the +2 double sword "Zeom" {freeze, Int+3 Dex+3} (Okawaru gifted it to you on level 6 of the Lair of Beasts)
 19761 | Lair:6   | Found a staircase to the Slime Pits.
 19774 | Lair:6   | Splashed by an oklob plant's acid

Skill      XL: |  1  2  3  4  5  6  7  8  9 10 11 12 13 14 |
---------------+-------------------------------------------+-----
Long Blades    | 2 3 4 5 6 7 9 10 12 13 | 13.4
Shields        | 3 4 5 6 8 9 10 | 10.9
Armour         | 3 4 5 6 7 8 10 | 10.7
Fighting       | 4 5 6 7 9 10 11 | 11.9
Dodging        | 1 2 3 |  3.2
Stealth        | 1 2 |  2.3
Invocations    | 1 2 3 |  3.8
Polearms       | 1 |  1.6

Action                   |  1- 3 |  4- 6 |  7- 9 | 10-12 | 13-15 || total
-------------------------+-------+-------+-------+-------+-------++-------
Melee: Long sword        |   181 |   216 |   542 |  1312 |   337 ||  2588
       Falchion          |       |       |       |       |   401 ||   401
       Trident           |       |       |       |       |    31 ||    31
       Double sword      |       |       |       |       |    40 ||    40
Invok: Heroism           |       |       |     4 |    37 |    28 ||    69
       Finesse           |       |       |       |       |     1 ||     1
  Use: Scroll            |     7 |     7 |     1 |    16 |     6 ||    37
       Potion            |       |       |     3 |     1 |     2 ||     6
 Stab: Invisible         |       |       |       |     4 |       ||     4
  Eat: Chunk             |     5 |    14 |    30 |    37 |    60 ||   146
Armor: Scale mail        |    93 |    40 |       |       |       ||   133
       Chain mail        |       |    83 |   250 |    69 |       ||   402
       Plate armour      |       |       |       |   456 |   422 ||   878
Dodge: Dodged            |    59 |    51 |   110 |   314 |   251 ||   785
Block: Shield            |   109 |   133 |   279 |   650 |       ||  1171
       Buckler           |       |       |       |    74 |   297 ||   371
       Rpst.: Long sword |    15 |    14 |    32 |    84 |    27 ||   172
       Falchion          |       |       |       |       |    23 ||    23
       Double sword      |       |       |       |       |     3 ||     3
